 Dungeon Crawl Stone Soup version 0.30.1-11-g7821555f0a (webtiles) character file.

Game seed: 13188711547245588363

13512 pkoi the Gelid (level 11, -4/80 HPs)
             Began as a White Draconian Monk on Nov 4, 2023.
             Was an Elder of Hepliaklqana.
             Killed by divine providence
             ... invoked by a sphinx
              (10 damage)
             ... on level 11 of the Dungeon on Nov 6, 2023.
             The game lasted 00:20:21 (12386 turns).

pkoi the Gelid (White Draconian Monk)              Turns: 12386, Time: 00:20:21

Health: -4/80      AC: 11    Str: 14    XL:     11   Next: 76%
Magic:  29/29      EV: 14    Int: 16    God:    Hepliaklqana [****..]
Gold:   486        SH:  0    Dex: 14    Spells: 9/22 levels left

rFire   . . .        p - +8 trident of Dim Light {drain, Will+ Int+2}
rCold   + + .        b - orb {light}
rNeg    . . .        (body armour unavailable)
rPois   +            (helmet restricted)
rElec   +            C - +1 cloak
rCorr   .            G - +1 pair of gloves of the Beekeeper {rElec rC+ MP+9}
SInv    .            (no boots)
Will    ++...        (no amulet)
Stlth   +            l - ring of poison resistance
HPRegen 0.33/turn    n - ring of willpower
MPRegen 0.21/turn

%: no passive effects
@: glowing
A: reduced essence, breathe frost, AC +7, unfitting armour, cold resistance 1,
cold-blooded
a: Breathe Frost, Renounce Religion, Recall Ancestor, Ancestor Identity,
Transference, Idealise


You were on level 11 of the Dungeon.
You worshipped Hepliaklqana.
Hepliaklqana was greatly pleased with you.
You visited 2 branches of the dungeon, and saw 12 of its levels.

You collected 686 gold pieces.
You spent 200 gold pieces at shops.

Inventory:

Hand Weapons
 e - a +0 dagger
 k - a +0 hand axe of freezing
 p - the +8 trident of Dim Light (weapon) {drain, Will+ Int+2}
   (You found it on level 5 of the Dungeon)

   Int:       It affects your intelligence (+2).
   Will:      It increases your willpower.
 q - a +3 antimagic short sword
Missiles
 j - 12 poisoned darts (quivered)
Armour
 b - an orb of light (worn)
 C - a +1 cloak (worn)
 G - the +1 pair of gloves of the Beekeeper (worn) {rElec rC+ MP+9}
   (You found it on level 10 of the Dungeon)

   rC:        It protects you from cold.
   rElec:     It insulates you from electricity.
   MP:        It affects your magic capacity (+9).
Jewellery
 l - a ring of poison resistance (left hand)
 n - a ring of willpower (right hand)
 t - a ring of protection from cold
 y - a ring of wizardry
 F - an amulet of regeneration
Wands
 d - a wand of iceblast (29)
 m - a wand of flame (37)
 o - a wand of polymorph (6)
 x - a wand of quicksilver (9)
Scrolls
 g - 4 scrolls of teleportation
 r - a scroll of amnesia
 s - 4 scrolls of magic mapping
 u - a scroll of poison {unknown}
Potions
 a - 2 potions of ambrosia
 c - 4 potions of curing
 f - a potion of might
 h - 3 potions of magic
 i - a potion of cancellation {unknown}
 v - 2 potions of haste
 w - 2 potions of heal wounds
 z - a potion of attraction
 A - a potion of flight
 B - 4 potions of brilliance
 E - a potion of lignification


   Skills:
 - Level 6.0 Fighting
 - Level 6.0 Dodging
 - Level 8.2 Unarmed Combat
 - Level 6.0 Spellcasting
 - Level 6.0 Conjurations
 + Level 15.4 Ice Magic


You had 9 spell levels left.
You knew the following spells:

 Your Spells              Type           Power      Damage    Failure   Level
a - Ozocubu's Armour      Ice            52%        N/A       1%          3
b - Hailstorm             Conj/Ice       39%        3d9       1%          3
c - Ozocubu's Refrigerat  Ice            26%        4d13      22%         7

Your spell library contained the following spells:

 Spells                   Type           Power      Damage    Failure   Level
 Foxfire                  Conj/Fire      56%        2x1d6     4%          1
 Ice Form                 Ice/Tmut       29%        N/A       6%          4
 Dazzling Flash           Conj/Hex       28%        N/A       12%         3
 Stone Arrow              Conj/Erth      28%        3d8       12%         3
 Sting                    Tmut/Pois      16%        1d3       14%         1
 Poisonous Vapours        Pois/Air       8%         N/A       21%         2
 Iskenderun's Mystic Bla  Conj/Tloc      14%        2d5       36%         4
 Volatile Blastmotes      Fire/Tloc      8%         2d10      38%         3
 Simulacrum               Ice/Necr       14%        N/A       65%         6
 Fireball                 Conj/Fire      7%         3d5       73%         5
 Olgreb's Toxic Radiance  Pois           4%         N/A       80%         4
 Agony                    Necr           4%         N/A       98%         5
 Silence                  Hex/Air        2%         N/A       98%         5
 Starburst                Conj/Fire      7%         6d4       99%         6
 Plasma Beam              Fire/Air       2%         2x1d13    100%        6
 Lehudib's Crystal Spear  Conj/Erth      7%         10d3      100%        8
 Animate Armour           Summ/Erth      Unusable   N/A       N/A         4

Dungeon Overview and Level Annotations

Branches:
Dungeon (11/15)            Temple (1/1) D:6            Lair (0/5) D:10
    Orc (0/2) D:10

Altars:
Ashenzari
Cheibriados
Dithmenos
Elyvilon
Fedhas
Gozag
Hepliaklqana
Kikubaaqudgha
Makhleb
Nemelex Xobeh
Okawaru
Qazlal
Ru
Sif Muna
Trog
Uskayaw
Vehumet
Wu Jian
Xom
Yredelemnul
Zin
The Shining One

Shops:
D:9 *

Annotations:
D:11 Snorg


Innate Abilities, Weirdness & Mutations

Your life essence is reduced to manifest your ancestor. (-10% HP)
You can breathe waves of freezing cold which knock back foes.
Your icy white scales are hard. (AC +7)
You cannot fit into any form of body armour.
Your flesh is cold resistant. (rC+)
You are cold-blooded and may be slowed by cold attacks.


Message History

The vampire mosquito bites you but does no damage.
The vampire mosquito attacks as you move away!
The vampire mosquito completely misses you.
The vampire mosquito barely misses you. The vampire mosquito bites you.
The vampire mosquito draws strength from your injuries!
You see here 4 stones.
The vampire mosquito bites you.
The vampire mosquito draws strength from your injuries!
The vampire mosquito attacks as you move away!
The vampire mosquito bites you.
The vampire mosquito draws strength from your injuries!
The vampire mosquito barely misses you.
The vampire mosquito attacks as you move away!
The vampire mosquito bites you!
The vampire mosquito draws strength from your injuries!
The vampire mosquito completely misses you.
The vampire mosquito bites you but does no damage.
The vampire mosquito misses you. The vampire mosquito bites you.
The vampire mosquito draws strength from your injuries!
The vampire mosquito closely misses you.
The vampire mosquito bites you.
The vampire mosquito draws strength from your injuries!
The vampire mosquito attacks as you move away!
The vampire mosquito bites you.
The vampire mosquito draws strength from your injuries!
The vampire mosquito barely misses you.
The vampire mosquito attacks as you move away!
The vampire mosquito misses you. The vampire mosquito bites you!
* * * LOW HITPOINT WARNING * * *
The vampire mosquito draws strength from your injuries!
The sphinx casts a spell.
Something smites you!
* * * LOW HITPOINT WARNING * * *
The vampire mosquito attacks as you move away!
The vampire mosquito bites you but does no damage. x2
The sphinx mumbles some strange words.
Something smites you!
You die...

#####################
#...y@...............
#H########...########
#.#...<......#########
#.#.###..>............
#.#.# #.............))
#.#.# #......#########
#K#.# #......#
#.#.###........
#.#.......#.####


You could see a sphinx and a vampire mosquito.

Vanquished Creatures
  2 two-headed ogres
  A boulder beetle (D:11)
  A deep elf pyromancer (D:8)
  Maggie (D:10)
  A troll (D:9)
  A shadow (D:9)
  A wraith (D:7)
  2 wyverns
  25 yaks
  2 vampire mosquitoes (D:11)
  Edmund (D:6)
  An acid dragon (D:9)
  Duvessa (D:4)
  4 orc warriors
  A swamp drake (D:10)
  An ice beast (D:5)
  A sky beast (D:7)
  A black bear (D:8)
  2 ogres
  2 centaurs
  A phantom (D:5)
  2 kobold brigands
  A bullfrog (D:5)
  4 scorpions
  11 wights
  Dowan (D:4)
  13 killer bees
  6 orc priests
  2 hounds
  Crazy Yiuf (D:2)
  Jessica (D:1)
  2 iguanas
  5 orc wizards
  12 gnolls
  A hexer (D:7)
  2 adders
  A white imp (D:3)
  An ufetubus (D:6)
  9 worms
  A dart slug (D:2)
  35 orcs
  A bat (D:2)
  5 endoplasms
  5 giant cockroaches
  5 hobgoblins
  5 jackals
  12 kobolds
  3 quokkas
  3 ball pythons
  4 frilled lizards
  4 goblins
  8 rats
219 creatures vanquished.

Vanquished Creatures (collateral kills)
  An unseen horror (D:10)
  A troll (D:11)
  A hornet (D:9)
  5 yaks
  A steam dragon (D:8)
  A vampire mosquito (D:11)
  A centaur (D:8)
  2 ogres
  A gnoll sergeant (D:11)
  6 wights
  3 killer bees
  An orc priest (D:10)
  2 orc wizards
  2 iguanas (D:6)
  A gnoll (D:11)
  3 orcs
  A kobold (D:8)
33 creatures vanquished.

Vanquished Creatures (others)
  8 hexers
8 creatures vanquished.

Grand Total: 260 creatures vanquished

Notes
Turn   | Place    | Note
-------+----------+-------------------------------------------
     0 | D:1      | pkoi the Draconian Monk began the quest for the Orb.
     0 | D:1      | Reached XP level 1. HP: 19/19 MP: 1/1
   457 | D:1      | Reached XP level 2. HP: 25/26 MP: 2/2
  1253 | D:2      | Reached XP level 3. HP: 28/31 MP: 3/3
  1286 | D:2      | You fall into a shaft and drop 2 floors!
  1396 | D:4      | Noticed Dowan
  1401 | D:4      | Noticed Duvessa
  1666 | D:2      | Noticed Jessica
  1684 | D:1      | Killed Jessica
  1685 | D:1      | Reached skill level 5 in Unarmed Combat
  1685 | D:1      | Reached XP level 4. HP: 17/38 MP: 4/4
  1979 | D:2      | Found a runed translucent door.
  1980 | D:2      | Noticed Crazy Yiuf
  2260 | D:3      | Found a faded altar of an unknown god.
  2716 | D:3      | Found a glowing silver altar of Zin.
  2823 | D:4      | Noticed an ogre
  2833 | D:4      | Killed an ogre
  2834 | D:4      | Reached XP level 5. HP: 27/45 MP: 5/5
  3578 | D:4      | Killed Duvessa
  3579 | D:4      | Reached XP level 6. HP: 36/51 MP: 1/6
  3610 | D:4      | Killed Dowan
  3956 | D:5      | Entered Level 5 of the Dungeon
  4073 | D:5      | Noticed an ice beast
  4092 | D:5      | Killed an ice beast
  4093 | D:5      | Your scales start taking on an icy white colour.
  4093 | D:5      | Reached XP level 7. HP: 38/57 MP: 7/7
  4093 | D:5      | Gained mutation: Your flesh is cold resistant. (rC+) [White
                  | Draconian growth]
  4161 | D:5      | Learned a level 3 spell: Ozocubu's Armour
  4209 | D:5      | Identified the +8 trident of Dim Light {drain, Will+ Int+2}
  4296 | D:5      | Reached skill level 1 in Ice Magic
  4300 | D:5      | Reached skill level 1 in Spellcasting
  4366 | D:5      | Reached skill level 2 in Ice Magic
  4958 | D:6      | Reached XP level 8. HP: 65/67 MP: 11/11
  5001 | D:6      | Reached skill level 3 in Ice Magic
  5115 | D:6      | Noticed Edmund
  5122 | D:6      | Killed Edmund
  5317 | D:6      | Found a staircase to the Ecumenical Temple.
  5326 | Temple   | Entered the Ecumenical Temple
  5333 | Temple   | Became a worshipper of Hepliaklqana the Forgotten
  5333 | Temple   | Reached * piety under Hepliaklqana
  5333 | Temple   | Reached ** piety under Hepliaklqana
  5334 | Temple   | Remembered your ancestor Cenna as a hexer
  5647 | D:6      | Reached skill level 5 in Fighting
  5779 | D:7      | Reached skill level 4 in Ice Magic
  5793 | D:7      | Learned a level 7 spell: Ozocubu's Refrigeration
  5874 | D:7      | Reached skill level 5 in Ice Magic
  6006 | D:7      | Reached skill level 5 in Dodging
  6010 | D:7      | Reached XP level 9. HP: 65/67 MP: 13/13
  6111 | D:7      | Learned a level 3 spell: Hailstorm
  6424 | D:7      | Reached skill level 1 in Conjurations
  6424 | D:7      | Reached skill level 6 in Ice Magic
  6715 | D:7      | Found a radiant altar of Vehumet.
  6722 | D:7      | Found a shimmering blue altar of Sif Muna.
  7033 | D:2      | Killed Crazy Yiuf
  7654 | D:8      | Reached *** piety under Hepliaklqana
  7692 | D:8      | Noticed a deep elf pyromancer
  8100 | D:8      | Reached skill level 7 in Ice Magic
  8183 | D:8      | Killed a deep elf pyromancer
  8184 | D:8      | Reached skill level 8 in Ice Magic
  8517 | D:9      | Reached skill level 5 in Conjurations
  8517 | D:9      | Reached XP level 10. HP: 74/74 MP: 14/14
  8769 | D:9      | Reached skill level 9 in Ice Magic
  8899 | D:9      | Found an iron altar of Okawaru.
  9025 | D:9      | Reached skill level 10 in Ice Magic
  9136 | D:9      | Found Lam Turhu's General Store.
  9163 | D:9      | Bought a potion of heal wounds for 50 gold pieces
  9163 | D:9      | Bought a potion of heal wounds for 50 gold pieces
  9163 | D:9      | Bought a potion of haste for 100 gold pieces
  9224 | D:9      | Reached skill level 5 in Spellcasting
  9431 | D:9      | Noticed a two-headed ogre
  9438 | D:9      | Killed a two-headed ogre
  9439 | D:9      | Reached skill level 11 in Ice Magic
 10097 | D:10     | Entered Level 10 of the Dungeon
 10386 | D:10     | Reached **** piety under Hepliaklqana
 10419 | D:10     | Reached XP level 11. HP: 57/80 MP: 11/20
 10662 | D:10     | Noticed a two-headed ogre
 10672 | D:10     | Killed a two-headed ogre
 10673 | D:10     | Reached skill level 12 in Ice Magic
 10827 | D:10     | Found a staircase to the Lair.
 10831 | D:10     | Reached skill level 13 in Ice Magic
 10972 | D:10     | Identified the +1 pair of gloves of the Beekeeper {rElec
                  | rC+ MP+9}
 11231 | D:10     | Found a staircase to the Orcish Mines.
 11565 | D:10     | Noticed Maggie
 11577 | D:10     | Killed Maggie
 11578 | D:10     | Reached skill level 14 in Ice Magic
 11743 | D:11     | Noticed Snorg
 12068 | D:11     | Noticed a boulder beetle
 12082 | D:11     | Killed a boulder beetle
 12083 | D:11     | Reached skill level 15 in Ice Magic
 12345 | D:11     | Noticed a sphinx
 12358 | D:11     | Noticed a two-headed ogre
 12386 | D:11     | Killed from afar by a sphinx

Illustrated notes

Levels and vault maps discovered:
D:1:      dpeg_arrival_brainrot, layout_basic, serial_bayou_pond_e
D:2:      layout_rooms, uniq_crazy_yiuf_cottage, uniq_jessica
D:3:      layout_basic, lemuel_doored_altar, nicolae_ecumenical_lake_church
D:4:      layout_loops_corners, nicolae_wormholes, uniq_duvessa
D:5:      layout_basic
D:6:      layout_basic, minmay_temple_entry_butterflies, uniq_edmund
D:7:      layout_basic, mainiacjoe_overflow_big_doors, grunt_decor_one_mirror,
          kennysheep_flooded_box
D:8:      layout_basic
D:9:      layout_stronghold, mainiacjoe_overflow_small_starburst, serial_shops,
          shop
D:10:     layout_loops_ring, lair_entry_dummy, erik_orc_1, uniq_maggie
D:11:     minmay_the_grid_3x2 [minmay_the_grid_garden, minmay_the_grid_eight,
          minmay_the_grid_square_x, minmay_the_grid_mess,
          minmay_the_grid_armoury, minmay_the_grid_prize_inner_circle],
          layout_basic, uniq_snorg
Temple:   nicolae_temple_no_exploring_needed

Skill      XL: |  1  2  3  4  5  6  7  8  9 10 11 |
---------------+----------------------------------+-----
Unarmed Combat | 4 5 6 7 8 |  8.2
Ice Magic      | 2 5 8 11 15 | 15.4
Dodging        | 3 5 6 |  6.0
Spellcasting   | 2 3 6 |  6.0
Fighting       | 4 6 |  6.0
Conjurations   | 5 6 |  6.0

Action                     |  1- 3 |  4- 6 |  7- 9 | 10-12 || total
---------------------------+-------+-------+-------+-------++-------
  Melee: Unarmed           |    85 |   128 |    15 |       ||   228
         Tailslap          |    15 |    27 |    29 |    24 ||    95
         Trident           |       |       |   172 |   200 ||   372
  Throw: Dart              |       |     4 |       |       ||     4
   Cast: Hailstorm         |       |       |     5 |    36 ||    41
 Invoke: Ancestor Life: He |       |       |     1 |       ||     1
         Ancestor Identity |       |       |     1 |       ||     1
         Recall Ancestor   |       |       |     1 |     2 ||     3
    Use: Scroll            |       |     9 |     9 |     1 ||    19
         Potion            |       |     3 |       |       ||     3
   Stab: Confused          |       |       |     4 |       ||     4
         Distracted        |       |       |     3 |     3 ||     6
 Armour: Skin              |    27 |    24 |    60 |    59 ||   170
  Dodge: Dodged            |    37 |    57 |   147 |   176 ||   417
